 Dungeon Crawl Stone Soup version 0.16.1-11-g651b585 (webtiles) character file.

1606 Radiman the Magician (level 8, -3/41 HPs)
             Began as a Gargoyle Earth Elementalist on Apr 2, 2015.
             Slain by an orc warrior
             ... wielding a cursed +0 mace
              (6 damage)
             ... on level 6 of the Dungeon.
             The game lasted 00:46:03 (8713 turns).

Radiman the Magician (Gargoyle Earth Elementalist)  Turns: 8713, Time: 00:46:03

Health: -3/41      AC:  8    Str: 13    XL:     8   Next: 94%
Magic:  10/23      EV: 17    Int: 19    God:
Gold:   465        SH:  0    Dex: 15    Spells: 4 memorised, 11 levels left

rFire  . . .     SeeInvis .     b - 230 stones
rCold  . . .     Clarity  .     c - +0 robe
rNeg   + . .     SustAb   .     (no shield)
rPois  ∞         Gourm    .     w - +0 helmet (curse)
rElec  +         Spirit   .     (no cloak)
rCorr  .         Warding  .     (no gloves)
rMut   .         Stasis   .     (no boots)
MR     .....                    (no amulet)
Stlth  +++.......               u - +2 ring of strength
                                t - +4 ring of slaying

@: agile, not resistant to hostile enchantments, fairly stealthy
A: negative energy resistance 1, electricity resistance, unbreathing,
petrification resistance, rot immunity, AC +5
a: no special abilities


You were on level 6 of the Dungeon.
You were not hungry.

You visited 2 branches of the dungeon, and saw 8 of its levels.

You collected 465 gold pieces.

Inventory:

Hand weapons
 k - a +0 flail
 x - a cursed -2 whip
Missiles
 b - 230 stones (in hand)
Armour
 c - a +0 robe (worn)
 w - a cursed +0 helmet (worn)
Jewellery
 g - an uncursed amulet of guardian spirit
 i - a +1 ring of slaying
 t - a +4 ring of slaying (left hand)
 u - a +2 ring of strength (right hand)
Magical devices
 j - a wand of enslavement (3)
 o - a wand of lightning (5)
 s - a wand of paralysis (4)
 y - a wand of polymorph (1)
 E - a wand of enslavement (10)
Scrolls
 h - 2 scrolls of amnesia
 n - 2 scrolls of enchant armour
 q - 4 scrolls of remove curse
 r - a scroll of magic mapping
 v - 2 scrolls of enchant weapon
 C - a scroll of recharging
Potions
 f - 3 potions of magic
 m - a potion of haste
 p - 2 potions of brilliance
 A - a potion of restore abilities
 F - a potion of cure mutation {unknown}
Books
 d - a book of Geomancy

   Spells                             Type                      Level
   a - Sandblast                      Earth                        1
   b - Stoneskin                      Transmutation/Earth          2
   c - Passwall                       Transmutation/Earth          3
   d - Stone Arrow                    Conjuration/Earth            3
   e - Petrify                        Transmutation/Earth          4
   f - Lee's Rapid Deconstruction     Earth                        5
Comestibles
 a - 2 bread rations
 z - 5 fruits
 B - 2 slices of pizza
 D - a meat ration


   Skills:
 - Level 1.5 Dodging
 - Level 2.1 Stealth
 * Level 7.7 Spellcasting
 + Level 5.1 Conjurations
 - Level 0.7 Transmutations
 + Level 7.4 Earth Magic


You had 11 spell levels left.
You knew the following spells:

 Your Spells              Type           Power        Failure   Level  Hunger
a - Sandblast             Erth           #####.       1%          1    None
b - Stoneskin             Trmt/Erth      ###.....     2%          2    None
c - Stone Arrow           Conj/Erth      ####..       1%          3    #......
d - Lee's Rapid Deconstr  Erth           #####.....   14%         5    #####..


Dungeon Overview and Level Annotations

Branches:
Dungeon (7/15)             Temple (1/1) D:4

Altars:
Ashenzari
Cheibriados
Dithmenos
Elyvilon
Fedhas
Gozag
Makhleb
Nemelex Xobeh
Okawaru
Qazlal
Ru
Xom
Yredelemnul
Zin
The Shining One
Beogh


Innate Abilities, Weirdness & Mutations

You are resistant to torment.
You are immune to poison.
Your stone body is very resilient (AC +5).
You resist negative energy.
You are resistant to electric shocks.
You can survive without breathing.
You are immune to petrification.
You are immune to rotting.


Message History

Casting: Sandblast
Confirm with . or Enter, or press ? or * to list all spells.
Aiming: Sandblast
Press: ? - help, Shift-Dir - straight line, f/p - orc warrior
Aim: an orc warrior, wielding a mace and wearing a chain mail The rocky blast hits the orc warrior.
The orc warrior is heavily wounded.
The orc warrior hits you with a mace!
* * * LOW HITPOINT WARNING * * *
Zapping:
j - a wand of enslavement {zapped: 5} (will waste charges)
Press: ? - help, Shift-Dir - straight line, f/p - orc warrior
Aim: an orc warrior, wielding a mace and wearing a chain mail (heavily wounded, chance 46%)
The orc warrior resists with some effort.
Evoking this partially-identified wand wasted a few charges.
The orc wizard shouts!
The orc wizard gestures wildly while chanting.
You feel a wave of unholy energy pass over you.
You feel agile all of a sudden. The orc warrior hits you with a mace.
You die...

........#A..#..........>...#
####....#...#..########....#####
####)#..#####..### #........#
...#<....._......# #......#.#
......#........#.# #.#+#..#
......########.#.# #.# ..#
......# #...#.######.# .#
####[## #.###.#...##B# # .....#
#.# #@#...##.# ..#
##...#######.# #o#...##B#....#
#........##.# #o'....oo.oo..#
##........##.#####o..##.###.##
.................#...##.#
..........#...##.....##.#
..........#...###....##..
.....######...# #.#####.# .....#
#...# #.....#.[.


You could see an orc warrior, an orc wizard and an orc.

Vanquished Creatures
  A sky beast (D:5)
  An orc warrior (D:6)
  A black bear (D:6)
  3 ogres
  A phantom (D:5)
  The ghost of Fanu the Magician, an average DEFE (D:3)
  A giant frog (D:4)
  A scorpion (D:5)
  A giant frog zombie (D:5)
  A jelly (D:5)
  A centaur zombie (D:6)
  A crimson imp (D:6)
  2 hounds (D:4)
  An orc priest (D:4)
  3 orc wizards (D:5)
  4 worker ants
  A mummy (D:7)
  Robin (D:4)
  10 adders
  2 river rats (D:5)
  7 gnolls
  2 giant mites
  5 worms
  An adder skeleton (D:4)
  An ooze (D:2)
  31 orcs
  11 bats
  3 giant cockroaches
  13 hobgoblins
  3 jackals (D:1)
  5 quokkas
  5 ball pythons
  A giant cockroach zombie (D:5)
  2 giant geckos
  A giant gecko skeleton (D:4)
  5 giant newts
  19 goblins
  11 kobolds
  15 rats
179 creatures vanquished.

Notes
Turn   | Place    | Note
--------------------------------------------------------------
     0 | D:1      | Radiman, the Gargoyle Earth Elementalist, began the quest for the Orb.
     0 | D:1      | Reached XP level 1. HP: 10/10 MP: 3/3
   810 | D:1      | Reached XP level 2. HP: 15/15 MP: 1/5
  1533 | D:2      | Reached skill level 4 in Earth Magic
  1545 | D:2      | Learned a level 2 spell: Stoneskin
  1575 | D:2      | Reached XP level 3. HP: 8/19 MP: 1/6
  1918 | D:2      | Found an iron altar of Okawaru.
  1985 | D:2      | Learned a level 3 spell: Stone Arrow
  2751 | D:3      | Reached XP level 4. HP: 17/24 MP: 0/9
  3089 | D:2      | Reached skill level 1 in Conjurations
  3530 | D:3      | Noticed Fanu's ghost (average DEFE)
  3751 | D:3      | Reached XP level 5. HP: 28/28 MP: 9/12
  3795 | D:3      | Learned a level 5 spell: Lee's Rapid Deconstruction
  4108 | D:3      | Found a glowing golden altar of the Shining One.
  4108 | D:3      | Found an opulent altar of Gozag.
  4110 | D:3      | Found a shattered altar of Ashenzari.
  4158 | D:3      | Found a white marble altar of Elyvilon.
  4369 | D:3      | Killed Fanu's ghost
  4388 | D:4      | Found a staircase to the Ecumenical Temple.
  4388 | D:4      | Noticed Robin
  4392 | Temple   | Entered the Ecumenical Temple
  4399 | Temple   | HP: 1/28 [hobgoblin/club[Robin] (4)]
  5025 | D:4      | Killed Robin
  5025 | D:4      | Reached XP level 6. HP: 27/32 MP: 9/15
  5269 | D:4      | Reached skill level 5 in Earth Magic
  5475 | D:4      | Reached skill level 5 in Spellcasting
  5839 | D:5      | Entered Level 5 of the Dungeon
  5868 | D:5      | Reached XP level 7. HP: 21/36 MP: 12/19
  5926 | D:5      | Found a runed door.
  6371 | D:4      | Reached skill level 6 in Earth Magic
  6583 | D:5      | Found a roughly hewn altar of Beogh.
  6913 | D:5      | Reached XP level 8. HP: 18/41 MP: 11/21
  7438 | D:5      | Found a burning altar of Makhleb.
  7745 | D:6      | Found a shimmering altar of Xom.
  7745 | D:6      | Noticed an angel
  7746 | D:6      | Found a glowing silver altar of Zin.
  7756 | D:6      | Reached skill level 7 in Spellcasting
  8372 | D:6      | Reached skill level 5 in Conjurations
  8586 | D:6      | You fall through a shaft!
  8711 | D:6      | HP: 2/41 [orc warrior/mace (14)]
  8713 | D:6      | Slain by an orc warrior

Action                   |  1- 3 |  4- 6 |  7- 9 || total
-------------------------+-------+-------+-------++-------
Melee: Unarmed           |    66 |       |    14 ||    80
       Club              |     6 |     3 |       ||     9
       Flail             |       |    35 |    18 ||    53
 Cast: Sandblast         |    94 |   160 |   232 ||   486
Evoke: Wand              |       |       |     1 ||     1
  Use: Scroll            |     5 |     7 |     7 ||    19
       Potion            |       |     1 |     2 ||     3
 Stab: Sleeping          |       |     1 |       ||     1
  Eat: Chunk             |     6 |     9 |     9 ||    24
